 Dungeon Crawl Stone Soup version 0.29-a0-721-g7f417c9bbb (webtiles) character file.

Game seed: 14889954796737280088

273 dolemite99 the Skirmisher (level 6, 0/50 HPs)
             Began as a Minotaur Hunter on June 27, 2022.
             Slain by a gnoll sergeant
             ... wielding a +1 vorpal spear
              (1 damage)
             ... on level 4 of the Dungeon.
             The game lasted 00:04:18 (4937 turns).

dolemite99 the Skirmisher (Minotaur Hunter)         Turns: 4937, Time: 00:04:19

Health: 0/50       AC:  4    Str: 12 (15) XL:     6   Next: 3%
Magic:  5/5        EV: 12    Int:  4 (6)  God:
Gold:   207        SH:  0    Dex: 14 (16) Spells: 5/5 levels left

rFire   . . .      SeeInvis .   a - +0 shortbow
rCold   . . .      Faith    .   (shield currently unavailable)
rNeg    . . .      Spirit   .   c - +0 leather armour
rPois   .          Reflect  .   (helmet restricted)
rElec   .          Harm     .   (no cloak)
rCorr   .          Rampage  .   h - +0 pair of gloves
Will    .....                   (no boots)
Stlth   +.........              (no amulet)
HPRegen 0.16/turn               (no ring)
MPRegen 0.09/turn               (no ring)

@: no status effects
A: horns 2, retaliatory headbutt
a: no special abilities


You were on level 4 of the Dungeon.
You visited 1 branch of the dungeon, and saw 4 of its levels.

You collected 207 gold pieces.

Inventory:

Hand Weapons
 a - a +0 shortbow (weapon)
 e - a +0 war axe
 s - a +0 hand axe
 x - a +3 triple sword of holy wrath
Missiles
 j - a throwing net
 p - 15 poisoned darts
 v - 5 javelins
Armour
 c - a +0 leather armour (worn)
 h - a +0 pair of gloves (worn)
Jewellery
 m - a ring of protection from cold
 B - an amulet of faith
Wands
 y - a wand of paralysis (6)
Scrolls
 b - a scroll of immolation
 k - a scroll of identify {@r1}
 l - 2 scrolls of poison
 u - a scroll of enchant weapon {unknown}
 z - a scroll of fog {unknown}
Potions
 d - 2 potions of degeneration
 f - 2 potions of curing
 g - a potion of attraction {unknown}
 i - a potion of ambrosia {unknown}
 n - 2 potions of magic {unknown}
 o - a potion of lignification {unknown}
 q - a potion of berserk rage {unknown}
 t - a potion of heal wounds {unknown}
 w - a potion of might {unknown}
 A - a potion of flight {unknown}


   Skills:
 - Level 2.4 Fighting
 + Level 8.0 Ranged Weapons
 - Level 2.1 Dodging
 - Level 0.7 Stealth


You had 5 spell levels left.
You didn't know any spells.
Your spell library contained the following spells:

 Spells                   Type           Power      Damage    Failure   Level
 Magic Dart               Conj           0%         1d3       58%         1
 Slow                     Hex            0%         N/A       58%         1
 Searing Ray              Conj           0%         2d4       73%         2
 Confusing Touch          Hex            0%         N/A       91%         3
 Vampiric Draining        Necr           0%         2d6       91%         3
 Fulminant Prism          Conj/Hex       0%         3d6       100%        4
 Freezing Cloud           Conj/Ice/Air   0%         6-21      100%        5
 Simulacrum               Ice/Necr       0%         N/A       100%        6
 Polar Vortex             Ice            0%         N/A       100%        9


Dungeon Overview and Level Annotations

Branches:
Dungeon (4/15)
 Temple: D:4-7

Altars:
Vehumet
Wu Jian


Innate Abilities, Weirdness & Mutations

You have a pair of horns on your head.
You reflexively headbutt those who attack you in melee.


Message History

The gnoll sergeant hits you from afar with a +1 vorpal spear!
You shoot an arrow. The arrow hits the gnoll sergeant!
The gnoll sergeant is heavily wounded.
The gnoll sergeant hits you from afar with a +1 vorpal spear.
You shoot an arrow.
The arrow hits the gnoll sergeant but does no damage.
The gnoll sergeant is heavily wounded.
The gnoll sergeant hits you from afar with a +1 vorpal spear.
You are too injured to fight recklessly!
You are too injured to fight recklessly!
You are too injured to fight recklessly!
You are too injured to fight recklessly!
You are too injured to fight recklessly!
Okay, then.
Fire: a) +0 shortbow
Press: ? - help, Q - select action, (/) - cycle Shift-Dir - straight line, f/p - gnoll sergeant
Aim: a gnoll sergeant, wielding a +1 vorpal spear and wearing a +0 scale mail (heavily wounded, 71% to hit)
You shoot an arrow. The arrow hits the gnoll sergeant.
The gnoll sergeant is heavily wounded.
The gnoll sergeant misses you.
Fire: a) +0 shortbow
Press: ? - help, Q - select action, (/) - cycle Shift-Dir - straight line, f/p - gnoll sergeant
Aim: a gnoll sergeant, wielding a +1 vorpal spear and wearing a +0 scale mail (heavily wounded, 71% to hit)
You shoot an arrow.
The arrow hits the gnoll sergeant but does no damage.
The gnoll sergeant is heavily wounded.
The gnoll sergeant hits you from afar with a +1 vorpal spear.
The gnoll closely misses you.
Fire: a) +0 shortbow
Press: ? - help, Q - select action, (/) - cycle Shift-Dir - straight line, f/p - gnoll sergeant
Aim: a gnoll sergeant, wielding a +1 vorpal spear and wearing a +0 scale mail (heavily wounded, 71% to hit)
You shoot an arrow. The arrow hits the gnoll sergeant.
The gnoll sergeant is heavily wounded.
The gnoll sergeant hits you from afar with a +1 vorpal spear!
* * * LOW HITPOINT WARNING * * *
x2 The gnoll hits you with a +0 flail!
* * * LOW HITPOINT WARNING * * *
The gnoll sergeant hits you from afar with a +1 vorpal spear.
* * * LOW HITPOINT WARNING * * *
You die...

#####+#...#..........#...........
......<..............##..#......#
.###...<.............##..#......#
.#..........#.#''........#......#
.#.#........###.##...#...##......
...#...###.##.....##...#.##..)...
.......# #.....§.....#.#.##......
.....#.###....≈≈.....#.#..#......
.........#....§§@§...#...........
..##.####.....§§g.##..##.........
..##'####..≈≈.g...##..##.#.......
#.#.†...#..≈≈.._......#..........
#.+.....#.............#.....#####
###.....#........♣♣...#.....####
#......#...##..♣♣..#.........#
#......#...##......#.....#.#.#
#.......#..................#.##


You could see a gnoll sergeant and a gnoll.

Vanquished Creatures
  An iguana (D:4)
  Natasha (thrice) (D:2)
  4 gnolls
  5 adders
  3 worms
  3 dart slugs
  7 ball pythons
  4 bats
  8 endoplasms
  6 giant cockroaches
  5 goblins
  6 hobgoblins
  4 jackals (D:4)
  3 quokkas
  4 frilled lizards (D:3)
  9 kobolds
  4 rats
79 creatures vanquished.

Notes
Turn   | Place    | Note
-------+----------+-------------------------------------------
     0 | D:1      | dolemite99 the Minotaur Hunter began the quest for the Orb.
     0 | D:1      | Reached XP level 1. HP: 18/18 MP: 0/0
   231 | D:1      | Reached skill level 5 in Ranged Weapons
   231 | D:1      | Reached XP level 2. HP: 25/25 MP: 1/1
   732 | D:2      | Reached XP level 3. HP: 30/30 MP: 2/2
  1303 | D:2      | Reached skill level 6 in Ranged Weapons
  1320 | D:2      | Noticed Natasha
  1325 | D:2      | Killed Natasha
  1326 | D:2      | Reached XP level 4. HP: 35/37 MP: 3/3
  1380 | D:2      | Noticed Natasha
  1388 | D:2      | Killed Natasha
  1406 | D:2      | Noticed Natasha
  1414 | D:2      | Killed Natasha
  1756 | D:3      | Found a faded altar of an unknown god.
  1996 | D:3      | Prayed at the altar of an unknown god.
  1996 | D:3      | Became a worshipper of Vehumet
  1996 | D:3      | Reached * piety under Vehumet
  1996 | D:3      | Offered knowledge of Foxfire by Vehumet.
  2000 | D:3      | Fell from the grace of Vehumet
  2137 | D:3      | Reached skill level 7 in Ranged Weapons
  2137 | D:3      | Reached XP level 5. HP: 42/42 MP: 4/4
  2960 | D:4      | Found an ornate altar of the Wu Jian Council.
  4440 | D:4      | Reached skill level 8 in Ranged Weapons
  4465 | D:3      | Reached XP level 6. HP: 17/50 MP: 5/5
  4937 | D:4      | HP: 1/50 [gnoll sergeant/+1 vorpal spear (2)]
  4937 | D:4      | Slain by a gnoll sergeant

Illustrated notes

Levels and vault maps discovered:
D:1:      psy_arrival_radial02, layout_loops_ring
D:2:      layout_basic, hangedman_abyss_or_decor_lesser_grid, uniq_natasha
D:3:      minmay_octagon_keep, layout_loops_ring, nicolae_ecumenical_oubliette
D:4:      layout_basic, nicolae_wu_jian_wuxing_cycle

Skill      XL: |  1  2  3  4  5 |
---------------+----------------+-----
Ranged Weapons | 5 6 7 8 |  8.0
Fighting       | |  2.4
Dodging        | |  2.1
Stealth        | |  0.7

Action                   |  1- 3 |  4- 6 || total
-------------------------+-------+-------++-------
 Fire: Shortbow          |    83 |   161 ||   244
Invok: Renounce Religion |       |     1 ||     1
  Use: Scroll            |       |     7 ||     7
       Potion            |       |     2 ||     2
Armor: Leather armour    |     4 |    19 ||    23
Dodge: Dodged            |    18 |    53 ||    71

Table legend: (Time is in decaauts)
 A = Elapsed time spent in this place.
 B = Non-inter-level travel time spent in this place.
 C = Inter-level travel time spent in this place.
 D = Time resting spent in this place.
 E = Time spent auto-exploring this place.
 F = Levels seen in this place.
 G = Mean time per level.
                   A        B        C        D        E       F      G
               +--------+--------+--------+--------+--------+-----+--------+
         Total |   4998 |   4762 |    236 |   1772 |   2292 |   4 | 1249.5 |
       Dungeon |   4998 |   4762 |    236 |   1772 |   2292 |   4 | 1249.5 |
               +--------+--------+--------+--------+--------+-----+--------+

Top non-repeatable levels by time:
     D:4: 1670 daAuts
     D:3: 1535 daAuts
     D:2: 1070 daAuts
     D:1: 723 daAuts
